 Dungeon Crawl Stone Soup version 0.26.0-10-g1f06aea511 (webtiles) character file.

Game seed: 16264766426213352657

144 dohliylev the Ruffian (level 5, -4/49 HPs)
             Began as a Troll Warper on Jan 16, 2021.
             Shot with an arrow by a centaur (10 damage)
             ... on level 3 of the Dungeon.
             The game lasted 00:04:13 (1437 turns).

dohliylev the Ruffian (Troll Warper)                Turns: 1437, Time: 00:04:14

Health: -4/49      AC:  6    Str: 20    XL:     5   Next: 5%
Magic:  2/6        EV: 10    Int:  9    God:
Gold:   58         SH:  0    Dex:  9    Spells: 1/6 levels left

rFire    . . .     SeeInvis .     - Unarmed
rCold    . . .     Faith    .   (no shield)
rNeg     . . .     Spirit   .   a - +0 robe
rPois    .         Reflect  .   (helmet restricted)
rElec    .         Harm     .   (no cloak)
rCorr    .         Rampage  .   (gloves unavailable)
Will     .....                  (boots unavailable)
Stlth    +.........             (no amulet)
HPRegen  0.56/turn              (no ring)
MPRegen  0.10/turn              (no ring)

@: no status effects
A: large, unfitting armour, claws 3, regeneration 1, shaggy fur 1, tough skin 3
a: no special abilities


You were on level 3 of the Dungeon.
You visited 1 branch of the dungeon, and saw 3 of its levels.

You collected 58 gold pieces.

Inventory:

Missiles
 d - 5 boomerangs of dispersal (quivered)
Armour
 a - a +0 robe (worn)
Jewellery
 g - a cursed ring of attention {unknown}
Scrolls
 b - a scroll of random uselessness {unknown}
 c - a scroll of blinking
 h - 2 scrolls of fear {unknown}
 i - a scroll of identify {unknown}
 m - a scroll of enchant armour {unknown}
 n - a scroll of immolation {unknown}
Potions
 e - a potion of mutation {unknown}
 f - a potion of lignification {unknown}
 j - a potion of ambrosia {unknown}
 k - 2 potions of might
 l - 2 potions of curing {unknown}


   Skills:
 + Level 1.9 Fighting
 - Level 0.8 Throwing
 + Level 2.6 Dodging
 + Level 3.5 Unarmed Combat
 + Level 1.4 Spellcasting
 + Level 2.9 Translocations


You had one spell level left.
You knew the following spells:

 Your Spells              Type           Power        Failure   Level
a - Blink                 Tloc           N/A          16%         2
b - Gell's Gravitas       Tloc           2%           32%         3

Your spell library contained the following spells:

 Spells                   Type           Power        Failure   Level
 Lesser Beckoning         Tloc           2%           32%         3
 Teleport Other           Tloc           5%           32%         3
 Passage of Golubria      Tloc           N/A          71%         4


Dungeon Overview and Level Annotations

Branches:
Dungeon (3/15)

Altars:


Innate Abilities, Weirdness & Mutations

You are too large for most types of armour.
You have claws for hands.
Your natural rate of healing is unusually fast.
You are covered in fur. (AC +1)
You have extremely tough skin. (AC +3)


Message History

The centaur shoots an arrow.
The arrow hits you!
A ball python comes into view.
The centaur shoots an arrow.
The arrow hits you!
* * * LOW HITPOINT WARNING * * *
You see here a goblin corpse.
The centaur shoots an arrow.
The arrow barely misses you.
You see here an arrow.
Cast which spell? (? or * to list)
You blink.
The centaur completely misses you.
The centaur hits you but does no damage.
The ball python hisses angrily.
You scratch the centaur.
The centaur is moderately wounded.
The centaur hits you but does no damage.
Casting: Blink (safe; 16% risk of failure)
Confirm with . or Enter, or press ? or * to list all spells.
You blink.
The centaur shoots an arrow.
The arrow hits you.
* * * LOW HITPOINT WARNING * * *
The centaur shoots an arrow.
The arrow hits you!
You die...

#'# #(# #c# ###
##(## ..# ##...##
#.# #.....# #.#
##.(.##
#.###.#######.##
#....((@..###(###.#
.
#####c###........!#
....######.#
#####.#####
....S..†(..# #.#
......###### #.#
##... #.# ### #.#
#.. ..


You could see a centaur.

Vanquished Creatures
  An iguana (D:2)
  3 gnolls (D:2)
  3 adders (D:2)
  3 worms (D:2)
  A leopard gecko (D:1)
  A ball python (D:2)
  4 giant cockroaches
  11 goblins
  5 hobgoblins
  6 bats
  3 frilled lizards
  6 kobolds
  6 rats
53 creatures vanquished.

Notes
Turn   | Place    | Note
-------+----------+-------------------------------------------
     0 | D:1      | dohliylev the Troll Warper began the quest for the Orb.
     0 | D:1      | Reached XP level 1. HP: 19/19 MP: 1/1
   320 | D:1      | Reached XP level 2. HP: 27/27 MP: 3/3
   637 | D:1      | Reached XP level 3. HP: 35/35 MP: 4/4
   828 | D:2      | Reached XP level 4. HP: 32/42 MP: 5/5
   937 | D:2      | Reached skill level 3 in Unarmed Combat
  1214 | D:2      | Reached XP level 5. HP: 49/49 MP: 6/6
  1390 | D:2      | Learned a level 2 spell: Blink
  1394 | D:2      | Learned a level 3 spell: Gell's Gravitas
  1410 | D:3      | Noticed a centaur
  1437 | D:3      | Shot with an arrow by a centaur

Illustrated notes

Levels and vault maps discovered:
D:1:      minmay_arrival_widening_spiral_narrow, layout_loops_ring,
          corexii_corridor_pit
D:2:      layout_rooms
D:3:      layout_loops_corners, gammafunk_ghost_split, minmay_gold_behind_fungi,
          kennysheep_crisscross, nicolae_tso_carved_into_rock

Skill      XL: |  1  2  3  4 |
---------------+-------------+-----
Dodging        | 2 |  2.6
Unarmed Combat | 3 |  3.5
Fighting       | |  1.9
Throwing       | |  0.8
Spellcasting   | |  1.4
Translocations | |  2.9

Action                   |  1- 3 |  4- 6 || total
-------------------------+-------+-------++-------
Melee: Unarmed           |    78 |    83 ||   161
       Punch             |       |     1 ||     1
 Cast: Blink             |       |     2 ||     2
Armor: Robe              |    43 |    26 ||    69
Dodge: Dodged            |    62 |    33 ||    95
